 Dungeon Crawl Stone Soup version 0.29.1-2-gbd0b4ee654 (webtiles) character file.

Game seed: 15500932453156216402

2 cdecastro the Conjurer (level 1, -4/10 HPs)
             Began as a Tengu Conjurer on Nov 13, 2022.
             Slain by a gnoll
             ... wielding a +0 whip
              (6 damage)
             ... on level 1 of the Dungeon.
             The game lasted 00:01:46 (110 turns).

cdecastro the Conjurer (Tengu Conjurer)              Turns: 110, Time: 00:01:47

Health: -4/10      AC:  2    Str:  7    XL:     1   Next: 30%
Magic:  4/4        EV: 12    Int: 18    God:
Gold:   28         SH:  0    Dex: 12    Spells: 3/4 levels left

rFire   . . .      SeeInvis .   (no weapon)
rCold   . . .      Faith    .   (no shield)
rNeg    . . .      Spirit   .   a - +0 robe
rPois   .          Reflect  .   (helmet restricted)
rElec   .          Harm     .   (no cloak)
rCorr   .          Rampage  .   (no gloves)
Will    .....                   (boots unavailable)
Stlth   ++........              (no amulet)
HPRegen 0.03/turn               (no ring)
MPRegen 0.09/turn               (no ring)

@: no status effects
A: beak, talons 3
a: no special abilities


You were on level 1 of the Dungeon.
You visited 1 branch of the dungeon, and saw 1 of its levels.

You collected 28 gold pieces.

Inventory:

Armour
 a - a +0 robe (worn)
Scrolls
 c - a scroll of identify {unknown}
Potions
 d - a potion of lignification {unknown}


   Skills:
 - Level 2.1 Dodging
 - Level 2.0 Stealth
 - Level 2.0 Spellcasting
 + Level 5.4 Conjurations


You had 3 spell levels left.
You knew the following spells:

 Your Spells              Type           Power      Damage    Failure   Level
a - Magic Dart            Conj           84%        1d7       1%          1

Your spell library contained the following spells:

 Spells                   Type           Power      Damage    Failure   Level
 Searing Ray              Conj           42%        2d6       3%          2
 Dazzling Flash           Conj/Hex       22%        N/A       19%         3
 Fulminant Prism          Conj/Hex       5%         3d7       52%         4
 Iskenderun's Mystic Bla  Conj/Tloc      11%        2d4       52%         4


Dungeon Overview and Level Annotations

Branches:
Dungeon (1/15)

Altars:

Shops:
D:1 *


Innate Abilities, Weirdness & Mutations

You have a beak for a mouth.
You have claws for feet.


Message History

A giant cockroach comes into view.
Aiming: Magic Dart (safe; 1% risk of failure)
Press: ? - help, Q - select action Shift-Dir - straight line, f/p - gnoll
Aim: a gnoll, wielding a +0 whip (lightly wounded, 100% to hit)
The magic dart hits the gnoll!
The gnoll is heavily wounded.
The gnoll misses you.
A kobold comes into view. It is wielding a +2 dagger of venom.
You don't have enough magic to cast this spell.
You don't have enough magic to cast this spell.
Unknown command.
You barely miss the gnoll. You claw the gnoll.
The gnoll is severely wounded.
The gnoll closely misses you.
You hit the gnoll but do no damage. You claw the gnoll, but do no damage.
The gnoll is severely wounded.
The gnoll barely misses you.
You hit the gnoll but do no damage.
The gnoll is severely wounded.
The gnoll barely misses you.
You barely miss the gnoll.
The gnoll is severely wounded.
The gnoll closely misses you.
You hit the gnoll but do no damage. You claw the gnoll, but do no damage.
Your peck misses the gnoll.
The gnoll is severely wounded.
The gnoll hits you with a +0 whip.
Ouch! That really hurt!
* * * LOW HITPOINT WARNING * * *
You hit the gnoll. Your kick misses the gnoll.
You peck the gnoll, but do no damage.
The gnoll is severely wounded.
The gnoll hits you with a +0 whip.
* * * LOW HITPOINT WARNING * * *
Magic courses through your body.
The dart slug briefly extends its eye-stalks.
The endoplasm jiggles.
The gnoll hits you with a +0 whip.
Ouch! That really hurt!
You die...

?. #.. .
?..#..## .##
.K#.... ..#
#B##..##.#
#w#...#.##
#S##....#
..#J#....#
..##g##..#
#.....#@#..#
####..###..#
##......#
###.#..#
#..)## ##..#
#.## .# #.#
#.#
#######.#


You could see a gnoll, a dart slug, an endoplasm, a giant cockroach, a ball
python and a kobold.

Vanquished Creatures
  A ball python (D:1)
  A bat (D:1)
  A rat (D:1)
3 creatures vanquished.

Notes
Turn   | Place    | Note
-------+----------+-------------------------------------------
     0 | D:1      | cdecastro the Tengu Conjurer began the quest for the Orb.
     0 | D:1      | Reached XP level 1. HP: 10/10 MP: 4/4
    56 | D:1      | Found Sebap's General Store.
   110 | D:1      | Slain by a gnoll

Illustrated notes

Levels and vault maps discovered:
D:1:      enne_arrival_octagon_isle, layout_basic, serial_shops,
          nicolae_shop_hallway_plus, minmay_vboxes

Action                   || total
-------------------------++-------
Melee: Unarmed           ||     7
       Kick              ||     4
       Peck              ||     1
 Cast: Magic Dart        ||     5
  Use: Potion            ||     1
Dodge: Dodged            ||     6
